TOP OF THE 1ST |
Nacogdoches Roaches batting - Pitching for Tyler Pecan Kings : LHP Loquillo Martínez
|
Pitching: LHP Loquillo Martínez
|
|
Batting: SHB Ananías Méndez
|
0-0: Ball 1-0: Swinging Strike 1-1: Ball 2-1: Swinging Strike 2-2: Ball 3-2: Ground out 5-3 (Groundball, 56, EV 167 KM/H)
|
Batting: SHB Luis Cantú
|
0-0: Ball 1-0: Swinging Strike 1-1: Ball 2-1: Ball 3-1: Base on Balls
|
Batting: RHB Aarón Tapia
|
0-0: Ball 1-0: Foul Ball, location: 23F 1-1: Ball 2-1: Called Strike 2-2: Grounds into double play, 5-4-3 (Groundball, 15, EV 139 KM/H)
|
Top of the 1st over - 0 runs, 0 hits, 0 errors, 0 left on base; Nacogdoches 0 - Tyler 0 |
BOTTOM OF THE 1ST |
Tyler Pecan Kings batting - Pitching for Nacogdoches Roaches : RHP Florián Sandoval
|
Pitching: RHP Florián Sandoval
|
|
Batting: RHB Demetrio Trujillo
|
0-0: Ball 1-0: Ball 2-0: SINGLE (Line Drive, 7LS, EV 176 KM/H)
|
Batting: SHB Kyle Gardiner
|
0-0: Bunted foul 0-1: Bunted foul 0-2: Ball 1-2: Foul Ball, location: 2F 1-2: Ball 2-2: Grounds into double play, 6-4-3 (Groundball, 6, EV 172 KM/H)
|
Batting: RHB Ronaldo Escalera
|
0-0: Swinging Strike 0-1: Ball 1-1: Foul Ball, location: 25F 1-2: Ball 2-2: SINGLE (Line Drive, 34D, EV 153 KM/H)
|
Batting: RHB Hugh Hagy
|
0-0: Foul Ball, location: 9LMF 0-1: Ball 1-1: Fly out, F5 (Popup, 56S, EV 134 KM/H)
|
Bottom of the 1st over - 0 runs, 2 hits, 0 errors, 1 left on base; Nacogdoches 0 - Tyler 0 |
TOP OF THE 2ND |
Nacogdoches Roaches batting - Pitching for Tyler Pecan Kings : LHP Loquillo Martínez
|
Batting: RHB Daniel Jose
|
0-0: Called Strike 0-1: Swinging Strike 0-2: Strikes out swinging
|
Batting: LHB Rosendo Rodríguez
|
0-0: Ball 1-0: SINGLE (Line Drive, 9S, EV 172 KM/H)
|
Batting: LHB José Mateo
|
0-0: Ball 1-0: Ball 2-0: Grounds into double play, 4-6-3 (Groundball, 4, EV 149 KM/H)
|
Top of the 2nd over - 0 runs, 1 hit, 0 errors, 0 left on base; Nacogdoches 0 - Tyler 0 |
BOTTOM OF THE 2ND |
Tyler Pecan Kings batting - Pitching for Nacogdoches Roaches : RHP Florián Sandoval
|
Batting: LHB Efraín Trejo
|
0-0: Ball 1-0: Called Strike 1-1: SOLO HOME RUN (Flyball, 9D, EV 155 KM/H), Distance : 107 mt
|
Batting: RHB Pat Wolfe
|
0-0: Called Strike 0-1: Ball 1-1: Swinging Strike 1-2: Ball 2-2: Strikes out swinging
|
Batting: RHB Jesús Castañeda
|
0-0: SINGLE (Groundball, 6MD, EV 170 KM/H)
|
Batting: SHB Leonard Bonelli
|
0-0: Called Strike Jesús Castañeda steals 2nd base 0-1: Ball 1-1: TRIPLE (Flyball, 89XD, EV 169 KM/H) Jesús Castañeda scores
|
Batting: RHB Ernesto Ornelas
|
0-0: Called Strike 0-1: Ball 1-1: SINGLE (Groundball, 6MD, EV 177 KM/H) Leonard Bonelli scores
|
Batting: RHB Demetrio Trujillo
|
0-0: Called Strike 0-1: Ball 1-1: Ball 2-1: SINGLE (Line Drive, 4D, EV 156 KM/H) Ernesto Ornelas to second
|
Batting: SHB Kyle Gardiner
|
0-0: Ball 1-0: Ball 2-0: Ball 3-0: Called Strike 3-1: Fielders Choice at 2nd, 6-4 (Groundball, 56, EV 137 KM/H) Ernesto Ornelas to third
|
Batting: RHB Ronaldo Escalera
|
0-0: Foul Ball, location: 2F 0-1: Ball 1-1: Called Strike 1-2: Ball 2-2: Ball 3-2: Foul Ball, location: 9LDF 3-2: Fly out, F8 (Line Drive, 8RM, EV 143 KM/H)
|
Bottom of the 2nd over - 3 runs, 5 hits, 0 errors, 2 left on base; Nacogdoches 0 - Tyler 3 |
TOP OF THE 3RD |
Nacogdoches Roaches batting - Pitching for Tyler Pecan Kings : LHP Loquillo Martínez
|
Batting: SHB Guillermo Valdés
|
0-0: Ball 1-0: Ball 2-0: Foul Ball, location: 7LDF 2-1: Swinging Strike 2-2: Strikes out swinging
|
Batting: LHB An Thu
|
0-0: Ball 1-0: SINGLE (Groundball, 6MD, EV 166 KM/H)
|
Batting: RHB Juan Canchola
|
0-0: Grounds into double play, 5-4-3 (Groundball, 56, EV 158 KM/H)
|
Top of the 3rd over - 0 runs, 1 hit, 0 errors, 0 left on base; Nacogdoches 0 - Tyler 3 |
BOTTOM OF THE 3RD |
Tyler Pecan Kings batting - Pitching for Nacogdoches Roaches : RHP Florián Sandoval
|
Batting: RHB Hugh Hagy
|
0-0: Fly out, F7 (Flyball, 7LM, EV 164 KM/H)
|
Batting: LHB Efraín Trejo
|
0-0: Foul Ball, location: 3SF 0-1: Called Strike 0-2: Ball 1-2: Ball 2-2: Fly out, F7 (Line Drive, 7D, EV 143 KM/H)
|
Batting: RHB Pat Wolfe
|
0-0: Ball 1-0: Ground out 4-3 (Groundball, 4, EV 123 KM/H)
|
Bottom of the 3rd over - 0 runs, 0 hits, 0 errors, 0 left on base; Nacogdoches 0 - Tyler 3 |
TOP OF THE 4TH |
Nacogdoches Roaches batting - Pitching for Tyler Pecan Kings : LHP Loquillo Martínez
|
Batting: SHB Ananías Méndez
|
0-0: Ball 1-0: Foul Ball, location: 2F 1-1: Foul Ball, location: 3SF 1-2: Foul Ball, location: 9LSF 1-2: Strikes out swinging
|
Batting: SHB Luis Cantú
|
0-0: Ball 1-0: Foul Ball, location: 2F 1-1: Fly out, F7 (Flyball, 78M, EV 158 KM/H)
|
Batting: RHB Aarón Tapia
|
0-0: Swinging Strike 0-1: Foul Ball, location: 9LDF 0-2: Strikes out looking
|
Top of the 4th over - 0 runs, 0 hits, 0 errors, 0 left on base; Nacogdoches 0 - Tyler 3 |
BOTTOM OF THE 4TH |
Tyler Pecan Kings batting - Pitching for Nacogdoches Roaches : RHP Florián Sandoval
|
Batting: RHB Jesús Castañeda
|
0-0: Ball 1-0: TRIPLE (Line Drive, 89XD, EV 163 KM/H)
|
Batting: SHB Leonard Bonelli
|
0-0: Ball 1-0: Ground out U3 (Groundball, 3L, EV 140 KM/H) Jesús Castañeda scores
|
Batting: RHB Ernesto Ornelas
|
0-0: Ball 1-0: Ball 2-0: Ball 3-0: Called Strike 3-1: Foul Ball, location: 2F 3-2: Fly out, F7 (Flyball, 78D, EV 166 KM/H)
|
Batting: RHB Demetrio Trujillo
|
0-0: Ground out 6-3 (Groundball, 56, EV 165 KM/H)
|
Bottom of the 4th over - 1 run, 1 hit, 0 errors, 0 left on base; Nacogdoches 0 - Tyler 4 |
TOP OF THE 5TH |
Nacogdoches Roaches batting - Pitching for Tyler Pecan Kings : LHP Loquillo Martínez
|
Batting: RHB Daniel Jose
|
0-0: Ball 1-0: Foul Ball, location: 2LF 1-1: Foul Ball, location: 9LDF 1-2: Foul Ball, location: 2F 1-2: Ball 2-2: Ball 3-2: SINGLE (Line Drive, 3D, EV 152 KM/H)
|
Batting: LHB Rosendo Rodríguez
|
0-0: Foul Ball, location: 7LDF 0-1: Ball 1-1: Foul Ball, location: 5FF 1-2: Foul Ball, location: 5F 1-2: Foul Ball, location: 25F 1-2: Foul Ball, location: 3F 1-2: Hit by Pitch Daniel Jose to second
|
Batting: LHB José Mateo
|
0-0: Ball 1-0: Bunted foul 1-1: Ball 2-1: Bunted foul 2-2: Fielders Choice at 2nd, 3-6 (Groundball, 34, EV 138 KM/H) Daniel Jose to third
|
Batting: SHB Guillermo Valdés
|
0-0: Ball 1-0: Fly out, F8 (Line Drive, 8LS, EV 143 KM/H)
|
Batting: LHB An Thu
|
0-0: Ball 1-0: 3-RUN HOME RUN (Flyball, 8LXD, EV 158 KM/H) (Inside the Park)
|
Batting: RHB Juan Canchola
|
0-0: Ball 1-0: Swinging Strike 1-1: Ball 2-1: Foul Ball, location: 5FF 2-2: Strikes out swinging
|
Top of the 5th over - 3 runs, 2 hits, 0 errors, 0 left on base; Nacogdoches 3 - Tyler 4 |
BOTTOM OF THE 5TH |
Tyler Pecan Kings batting - Pitching for Nacogdoches Roaches : RHP Florián Sandoval
|
Batting: SHB Kyle Gardiner
|
0-0: Called Strike 0-1: Ball 1-1: Ground out 5-3 (Groundball, 56, EV 135 KM/H)
|
Batting: RHB Ronaldo Escalera
|
0-0: Ball 1-0: Swinging Strike 1-1: Ball 2-1: Ground out 5-3 (Groundball, 56, EV 145 KM/H)
|
Batting: RHB Hugh Hagy
|
0-0: Ball 1-0: Foul Ball, location: 2RF 1-1: Foul Ball, location: 3F 1-2: Ground out 6-3 (Groundball, 6, EV 134 KM/H)
|
Bottom of the 5th over - 0 runs, 0 hits, 0 errors, 0 left on base; Nacogdoches 3 - Tyler 4 |
TOP OF THE 6TH |
Nacogdoches Roaches batting - Pitching for Tyler Pecan Kings : LHP Loquillo Martínez
|
Batting: SHB Ananías Méndez
|
0-0: Called Strike 0-1: Called Strike 0-2: Ball 1-2: Ball 2-2: Foul Ball, location: 2F 2-2: Foul Ball, location: 2LF 2-2: Ball 3-2: Ground out 4-3 (Groundball, 4, EV 135 KM/H)
|
Batting: SHB Luis Cantú
|
0-0: Foul Ball, location: 2F 0-1: Fly out, F9 (Flyball, 9, EV 147 KM/H)
|
Batting: RHB Aarón Tapia
|
0-0: Called Strike 0-1: Ball 1-1: Fly out, F7 (Flyball, 7D, EV 151 KM/H)
|
Top of the 6th over - 0 runs, 0 hits, 0 errors, 0 left on base; Nacogdoches 3 - Tyler 4 |
BOTTOM OF THE 6TH |
Tyler Pecan Kings batting - Pitching for Nacogdoches Roaches : RHP Florián Sandoval
|
Batting: LHB Efraín Trejo
|
0-0: Ball 1-0: Ball 2-0: Called Strike 2-1: Swinging Strike 2-2: Ground out U3 (Groundball, 34, EV 138 KM/H)
|
Batting: RHB Pat Wolfe
|
0-0: Ground out 4-3 (Groundball, 4, EV 132 KM/H)
|
Batting: RHB Jesús Castañeda
|
0-0: Ball 1-0: Called Strike 1-1: Called Strike 1-2: Ball 2-2: Ground out U3 (Groundball, 3, EV 130 KM/H)
|
Bottom of the 6th over - 0 runs, 0 hits, 0 errors, 0 left on base; Nacogdoches 3 - Tyler 4 |
TOP OF THE 7TH |
Nacogdoches Roaches batting - Pitching for Tyler Pecan Kings : LHP Loquillo Martínez
|
Batting: RHB Daniel Jose
|
0-0: Called Strike 0-1: Ball 1-1: Ball 2-1: Ball 3-1: Fly out, F8 (Line Drive, 8RS, EV 164 KM/H)
|
Pinch Hitting: RHB Diego Paz
|
0-0: Called Strike 0-1: Foul Ball, location: 23F 0-2: Fly out, F3 (Line Drive, 3L, EV 101 KM/H)
|
Pinch Hitting: RHB Wenceslao Hernández
|
0-0: Called Strike 0-1: Swinging Strike 0-2: Fly out, F9 (Line Drive, 9, EV 151 KM/H)
|
Top of the 7th over - 0 runs, 0 hits, 0 errors, 0 left on base; Nacogdoches 3 - Tyler 4 |
BOTTOM OF THE 7TH |
Tyler Pecan Kings batting - Pitching for Nacogdoches Roaches : RHP Florián Sandoval
|
Now at 3B: Wenceslao Hernández
|
|
Now in LF: Diego Paz
|
|
Now in CF: Ananías Méndez
|
|
Batting: SHB Leonard Bonelli
|
0-0: Ball 1-0: Ball 2-0: TRIPLE (Line Drive, 89XD, EV 163 KM/H)
|
Batting: RHB Ernesto Ornelas
|
0-0: Ball 1-0: SINGLE (Groundball, 6MD, EV 172 KM/H) Leonard Bonelli scores
|
Batting: RHB Demetrio Trujillo
|
0-0: Called Strike 0-1: Ball 1-1: Bunted foul 1-2: Ball 2-2: Ball 3-2: SINGLE (Line Drive, 7LS, EV 164 KM/H) Ernesto Ornelas to second
|
Batting: SHB Kyle Gardiner
|
0-0: Sac Bunt to 15S - play at first, batter safe! Ernesto Ornelas to third Demetrio Trujillo to second
|
Batting: RHB Ronaldo Escalera
|
0-0: Called Strike 0-1: Ball 1-1: Foul Ball, location: 2F 1-2: Ball 2-2: Fly out, F6 (Line Drive, 6, EV 100 KM/H)
|
Batting: RHB Hugh Hagy
|
0-0: Ball 1-0: Swinging Strike 1-1: Ball 2-1: Foul Ball, location: 2F 2-2: Ball 3-2: SINGLE (Groundball, 6MD, EV 153 KM/H) Ernesto Ornelas scores Demetrio Trujillo to third Kyle Gardiner to second
|
Batting: LHB Efraín Trejo
|
0-0: SINGLE (Groundball, 6MD, EV 153 KM/H) Demetrio Trujillo scores Kyle Gardiner to third Hugh Hagy to second
|
Batting: RHB Pat Wolfe
|
0-0: Ball 1-0: Ball 2-0: Called Strike 2-1: Foul Ball, location: 2F 2-2: Foul Ball, location: 9LDF 2-2: Fly out, F7 (Line Drive, 7, EV 150 KM/H)
|
Batting: RHB Jesús Castañeda
|
0-0: Ball 1-0: Swinging Strike 1-1: Ball 2-1: Foul Ball, location: 3F 2-2: Ball 3-2: Strikes out swinging
|
Bottom of the 7th over - 3 runs, 6 hits, 0 errors, 3 left on base; Nacogdoches 3 - Tyler 7 |
TOP OF THE 8TH |
Nacogdoches Roaches batting - Pitching for Tyler Pecan Kings : LHP Loquillo Martínez
|
Batting: SHB Guillermo Valdés
|
0-0: Ball 1-0: Ball 2-0: Foul Ball, location: 2F 2-1: Foul Ball, location: 2F 2-2: Ball 3-2: Foul Ball, location: 2F 3-2: Strikes out looking
|
Batting: LHB An Thu
|
0-0: Ground out 6-3 (Groundball, 6, EV 165 KM/H)
|
Batting: RHB Juan Canchola
|
0-0: Foul Ball, location: 5FF 0-1: Ground out 4-3 (Groundball, 4, EV 136 KM/H)
|
Top of the 8th over - 0 runs, 0 hits, 0 errors, 0 left on base; Nacogdoches 3 - Tyler 7 |
BOTTOM OF THE 8TH |
Tyler Pecan Kings batting - Pitching for Nacogdoches Roaches : RHP Florián Sandoval
|
Batting: SHB Leonard Bonelli
|
0-0: Ball 1-0: Foul Ball, location: 2F 1-1: Foul Ball, location: 9LMFF 1-2: Foul Ball, location: 23F 1-2: Foul Ball, location: 25FF 1-2: Ball 2-2: Foul Ball, location: 7LMF 2-2: Reached on error, E6 (Groundball, 6M, EV 132 KM/H)
|
Batting: RHB Ernesto Ornelas
|
0-0: Ball 1-0: Called Strike Leonard Bonelli steals 2nd base 1-1: Foul Ball, location: 23F 1-2: Strikes out swinging
|
Batting: RHB Demetrio Trujillo
|
0-0: Ball 1-0: Ball 2-0: Ball 3-0: Called Strike 3-1: Fly out, F8 (Flyball, 8RD, EV 148 KM/H)
|
Batting: SHB Kyle Gardiner
|
0-0: Called Strike 0-1: Ground out 6-3 (Groundball, 6, EV 143 KM/H)
|
Bottom of the 8th over - 0 runs, 0 hits, 1 error, 1 left on base; Nacogdoches 3 - Tyler 7 |
TOP OF THE 9TH |
Nacogdoches Roaches batting - Pitching for Tyler Pecan Kings : LHP Loquillo Martínez
|
Batting: SHB Ananías Méndez
|
0-0: Called Strike 0-1: Foul Ball, location: 2F 0-2: Fly out, F8 (Flyball, 8RXD, EV 165 KM/H)
|
Batting: SHB Luis Cantú
|
0-0: Ball 1-0: Foul Ball, location: 5FF 1-1: Swinging Strike 1-2: SINGLE (Groundball, 4MD, EV 150 KM/H)
|
Batting: RHB Aarón Tapia
|
0-0: Ball 1-0: DOUBLE (Flyball, 8LXD, EV 179 KM/H) Luis Cantú to third
|
Batting: RHB Daniel Jose
|
0-0: Ball 1-0: Foul Ball, location: 2F 1-1: Swinging Strike 1-2: Foul Ball, location: 2F 1-2: Foul Ball, location: 2F 1-2: Reached via error on a dropped throw from 1B, E1 (Groundball, 34S, EV 150 KM/H) Luis Cantú scores Aarón Tapia to third
|
Batting: RHB Diego Paz
|
0-0: Fly out, F7 (Flyball, 7, EV 137 KM/H)
|
Pinch Hitting: RHB Leucipo Mata
|
0-0: Fly out, F9 (Line Drive, 9S, EV 153 KM/H)
|
Top of the 9th over - 1 run, 2 hits, 1 error, 2 left on base; Nacogdoches 4 - Tyler 7 |
|